 Dungeon Crawl Stone Soup version 0.21-a0-127-g329daca (webtiles) character file.

280 Manul the Sneak (level 6, 0/33 HPs)
             Began as a Deep Elf Enchanter on July 16, 2017.
             Slain by Duvessa (6 damage)
             ... on level 4 of the Dungeon.
             The game lasted 00:07:25 (4354 turns).

Manul the Sneak (Deep Elf Enchanter)                Turns: 4354, Time: 00:07:26

Health: 0/33       AC:  8    Str:  3    XL:     6   Next: 5%
Magic:  3/14       EV: 22    Int: 22    God:
Gold:   135        SH:  0    Dex: 15    Spells: 4/13 levels left

rFire    + + .     SeeInvis .   (weapon currently unavailable)
rCold    + + .     Gourm    .   (shield currently unavailable)
rNeg     + + +     Faith    .   (armour currently unavailable)
rPois    ∞         Spirit   .   (helmet currently unavailable)
rElec    +         Reflect  .   (cloak currently unavailable)
rCorr    +         Harm     .   (gloves currently unavailable)
MR       .....                  (boots currently unavailable)
Stlth    +++.......             (amulet currently unavailable)
HPRegen  0.11/turn              (ring currently unavailable)
MPRegen  0.14/turn              (ring currently unavailable)

@: wisp-form, flying, very slightly contaminated, invisible, quick
A: blurry vision 1, weak 1
a: no special abilities


You were on level 4 of the Dungeon.
You were not hungry.
You were an insubstantial wisp.
You visited 1 branch of the dungeon, and saw 4 of its levels.

You collected 135 gold pieces.

Inventory:

Hand Weapons
 a - a +2 dagger (melded)
Armour
 b - a +0 robe (melded)
 e - a +0 pair of gloves (melded)
Jewellery
 m - an amulet of guardian spirit (melded)
Wands
 k - a wand of polymorph (7/24)
 o - a wand of polymorph (0/24)
Scrolls
 g - a scroll of remove curse
 i - 3 scrolls of identify {unknown}
 n - 2 scrolls of teleportation {unknown}
Books
 c - a book of Maledictions

   Spells                             Type                      Level
   a - Corona                         Hexes                        1
   b - Ensorcelled Hibernation        Hexes/Ice                    2
   c - Confuse                        Hexes                        3
   d - Tukima's Dance                 Hexes                        3
   e - Dazzling Spray                 Conjuration/Hexes            3
Comestibles
 d - 2 bread rations
 f - a meat ration
 j - 4 fruits
 q - a royal jelly


   Skills:
 + Level 0.5 Fighting
 + Level 2.5 Short Blades
 + Level 4.1 Dodging
 + Level 5.2 Stealth
 + Level 4.1 Spellcasting
 + Level 5.0 Hexes
 + Level 1.3 Ice Magic


You had 4 spell levels left.
You knew the following spells:

 Your Spells              Type           Power        Failure   Level  Hunger
a - Corona                Hex            ####...      1%          1    None
b - Ensorcelled Hibernat  Hex/Ice        ###...       4%          2    #......
c - Confuse               Hex            ####....     4%          3    ##.....
d - Tukima's Dance        Hex            ####....     4%          3    ##.....


Dungeon Overview and Level Annotations

Branches:
Dungeon (4/15)
 Temple: D:4-7

Altars:
Fedhas
Nemelex Xobeh

Annotations:
D:3 Veteran's ghost, amateur DgFE
D:4 Duvessa


Innate Abilities, Weirdness & Mutations

((You have a pair of small antennae on your head.))
((You are partially covered in thin metallic scales. (AC +2)))
Scrolls take you a little longer to read.
You are weak. (Str -2)


Message History

You see here a tomahawk.
It was a potion of mutation.
You feel extremely strange.
You feel weaker.
Your vision blurs.
Thin metallic scales grow over part of your body.
A pair of antennae grows on your head! Duvessa completely misses you.
Duvessa closely misses you.
The orc throws a tomahawk.
The tomahawk barely misses you.
An orc comes into view. It is wielding a flail.
It was a potion of invisibility.
You fade into invisibility!
Duvessa completely misses you.
The orc throws a tomahawk.
The tomahawk barely misses you.
You are very lightly contaminated with residual magic.
An orc comes into view. It is wielding a hand axe.
The orc shouts!
The orc moves out of view.
You hear an angry hiss.
The orc throws a tomahawk.
The tomahawk barely misses Duvessa.
The tomahawk misses you. Duvessa hits you.
You die...

#.# # #o#
#o#.##########
####.#.#........#
..l....#......#.#
#.#.(.####.#.# #.#.#.#
#.#.# ####.#e#.####.#.#
#......v....#.#.# #
#.##.#...(#.#.#.#
#.#........## #.#.#
#.#####..####.#)#.#
##.#.............).#.##
)....................>#
#.#.##<##..####.###..#
.................# #[.#
#[<..##.##.####..# #..#


You could see Duvessa (berserk) and an orc.

Vanquished Creatures
  Dowan (D:4)
  Natasha (thrice) (D:2)
  An orc wizard (D:3)
  4 adders
  An ooze (D:2)
  A worm (D:2)
  3 dart slugs
  3 leopard geckos
  3 orcs (D:3)
  13 bats
  4 giant cockroaches
  6 goblins
  11 hobgoblins
  5 jackals (D:2)
  2 quokkas
  2 frilled lizards (D:2)
  8 kobolds
  10 rats
81 creatures vanquished.

Vanquished Creatures (others)
  A dancing weapon (D:4)
1 creature vanquished.

Grand Total: 82 creatures vanquished

Notes
Turn   | Place    | Note
-------+----------+-------------------------------------------
     0 | D:1      | Manul the Deep Elf Enchanter began the quest for the Orb.
     0 | D:1      | Reached XP level 1. HP: 10/10 MP: 6/6
   809 | D:2      | Reached XP level 2. HP: 15/15 MP: 8/8
   813 | D:2      | Learned a level 2 spell: Ensorcelled Hibernation
  1373 | D:2      | Reached XP level 3. HP: 6/19 MP: 6/9
  1906 | D:2      | Noticed Natasha
  1911 | D:2      | Killed Natasha
  1941 | D:2      | Noticed Natasha
  1959 | D:2      | Killed Natasha
  1959 | D:2      | Reached XP level 4. HP: 20/24 MP: 6/11
  2130 | D:2      | Noticed Natasha
  2134 | D:2      | Killed Natasha
  2195 | D:2      | Learned a level 3 spell: Confuse
  2463 | D:1      | Reached skill level 1 in Ice Magic
  2486 | D:1      | Reached XP level 5. HP: 28/28 MP: 10/12
  2655 | D:2      | Found a blossoming altar of Fedhas.
  3114 | D:3      | Learned a level 3 spell: Tukima's Dance
  3556 | D:3      | Found a sparkling altar of Nemelex Xobeh.
  3592 | D:3      | Reached skill level 5 in Stealth
  3672 | D:3      | Noticed Veteran's ghost (amateur DgFE)
  4056 | D:4      | Noticed Duvessa
  4056 | D:4      | Noticed Dowan
  4337 | D:4      | Killed Dowan
  4337 | D:4      | Reached skill level 5 in Hexes
  4337 | D:4      | Reached XP level 6. HP: 20/33 MP: 1/14
  4350 | D:4      | Gained mutation: You are weak. (Str -2) [potion of mutation]
  4350 | D:4      | Gained mutation: Scrolls take you a little longer to read. [potion of mutation]
  4350 | D:4      | Gained mutation: You are partially covered in thin metallic scales. (AC +2) [potion of mutation]
  4350 | D:4      | Gained mutation: You have a pair of small antennae on your head. [potion of mutation]
  4354 | D:4      | Slain by Duvessa

Vault maps used:
D:1:      minmay_arrival_statue_studded, serial_curves, eino_curves_01,
          eino_curves_04
D:2:      lemuel_doored_altar, roderic_roman_lattice, uniq_natasha
D:3:      nemelex_spade_bored_becter
D:4:      makhleb_altar_promises_db, uniq_ijyb, uniq_crazy_yiuf_cottage,
          uniq_eustachio, uniq_duvessa

Skill      XL: |  1  2  3  4  5 |
---------------+----------------+-----
Stealth        | 4 5 |  5.2
Dodging        | 3 4 |  4.1
Short Blades   | 2 |  2.5
Ice Magic      | 1 |  1.3
Spellcasting   | 4 |  4.1
Hexes          | 5 |  5.0
Fighting       | |  0.5

Action                   |  1- 3 |  4- 6 || total
-------------------------+-------+-------++-------
Melee: Dagger            |   100 |   276 ||   376
       Unarmed           |     2 |       ||     2
 Cast: Corona            |     3 |     3 ||     6
       Ensorcelled Hiber |     8 |    11 ||    19
       Confuse           |       |     8 ||     8
       Tukima's Dance    |       |     1 ||     1
Evoke: Wand              |       |     1 ||     1
  Use: Potion            |     1 |     5 ||     6
       Scroll            |       |     3 ||     3
 Stab: Sleeping          |    11 |    16 ||    27
       Confused          |       |     1 ||     1
  Eat: Chunk             |     3 |     7 ||    10
       Meat ration       |       |     1 ||     1
Armor: Robe              |    40 |    80 ||   120
       Skin              |    25 |       ||    25
Dodge: Dodged            |    95 |   232 ||   327
